 Dungeon Crawl Stone Soup version 0.24.0-125-gc4c63601f3 (webtiles) character file.

Game seed: 10694349392204169415, levelgen mode: deterministic

2227 Frank2 the Basher (level 9, -1/68 HPs)
             Began as a Demonspawn Gladiator on Mar 5, 2020.
             Was an Initiate of Ru.
             Slain by an iguana (12 damage)
             ... on level 7 of the Dungeon.
             The game lasted 00:10:04 (6395 turns).

Frank2 the Basher (Demonspawn Gladiator)            Turns: 6395, Time: 00:10:04

Health: -1/68      AC: 13    Str: 14    XL:     9   Next: 14%
Magic:  9/9        EV: 13    Int: 10    God:    Ru [......]
Gold:   464        SH:  3    Dex: 18    Spells: 8/8 levels left

rFire    . . .     SeeInvis .   a - +0 flail
rCold    . . .     Gourm    .   (no shield)
rNeg     . . .     Faith    .   k - +0 ring mail
rPois    .         Spirit   .   (helmet restricted)
rElec    .         Reflect  +   y - +2 cloak
rCorr    .         Harm     .   (no gloves)
MR       .....                  (no boots)
Stlth    +.........             i - +3 amulet of reflection
HPRegen  0.21/turn              u - +4 ring of protection
MPRegen  0.11/turn              x - +2 ring of slaying

@: very slightly contaminated
A: claws 2, hooves 1, horns 2, powered by death 1
a: Renounce Religion


You were on level 7 of the Dungeon.
You worshipped Ru.
Ru was noncommittal.
You were not hungry.

You visited 1 branch of the dungeon, and saw 8 of its levels.

You collected 464 gold pieces.

Inventory:

Hand Weapons
 a - a +0 flail (weapon)
Armour
 k - a +0 ring mail (worn)
 y - a +2 cloak (worn)
Jewellery
 b - an uncursed ring of flight
 d - an uncursed ring of protection from cold
 i - a +3 amulet of reflection (around neck)
 u - a +4 ring of protection (left claw)
 v - an uncursed ring of fire
 x - a +2 ring of slaying (right claw)
 B - an uncursed ring of see invisible
Wands
 l - a wand of disintegration (13)
 t - a wand of flame (15)
Scrolls
 c - 3 scrolls of fear
 g - 3 scrolls of enchant armour
 j - 3 scrolls of remove curse
 n - 5 scrolls of teleportation
Potions
 e - a potion of might
 o - a potion of resistance
 p - a potion of heal wounds {unknown}
 q - a potion of agility
 s - a potion of lignification
 A - a potion of mutation {unknown}
 C - 2 potions of cancellation {unknown}
Comestibles
 f - 14 rations
 w - a chunk of flesh


   Skills:
 + Level 5.2 Fighting
 + Level 8.5 Maces & Flails
 - Level 1.7 Throwing
 + Level 4.8 Armour
 + Level 4.6 Dodging


You had 8 spell levels left.
You didn't know any spells.
Your spell library contained the following spells:

 Spells                   Type           Power        Failure   Level  Hunger
 Infusion                 Chrm           #...         58%         1    ##.....
 Shroud of Golubria       Chrm/Tloc      #.....       73%         2    ###....
 Song of Slaying          Chrm           #.......     73%         2    ###....
 Regeneration             Chrm/Necr      #.........   91%         3    ####...
 Spectral Weapon          Hex/Chrm       #.......     91%         3    ####...


Dungeon Overview and Level Annotations

Branches:
Dungeon (8/15)             Temple (0/1) D:6
   Lair: D:8-11

Altars:
Ashenzari
Dithmenos
Gozag
Makhleb
Ru
Uskayaw
Vehumet
Wu Jian
Xom

Shops:
D:5 }   D:6 :


Innate Abilities, Weirdness & Mutations

You have very sharp fingernails.
You have large cloven feet.
You have a pair of horns on your head.
You regenerate a little health from kills.


Message History

Deactivating autopickup; reactivate with Ctrl-A.
You closely miss something. The iguana barely misses you.
The leopard gecko misses you. Something hits you but does no damage.
Something hits you but does no damage. Something hits you but does no damage.
You block the iguana's attack.
You hit the iguana but do no damage. You kick the iguana, but do no damage.
You hit the iguana. Your kick misses the iguana. You headbutt the iguana!
The iguana is almost dead.
The iguana bites you!
* * * LOW HITPOINT WARNING * * *
You hit the iguana but do no damage. Your kick misses the iguana.
The iguana is almost dead.
The iguana bites you!
* * * LOW HITPOINT WARNING * * *
It was a potion of magic.
Magic courses through your body. The iguana bites you.
* * * LOW HITPOINT WARNING * * *
You feel better. The iguana bites you!
You die...

##...........###........##
#.............##.........##
#........(....#...........#
###.....(.....#.........###
#######.#.....?รท.....###
######.....)......#########
#.........(##.....##
#...#########......#
######...#####@....#
##........{l#....#
#..........l#....#
##.......>....#...##
#.............##...# #
#.............#....## #####
#.............#..#..######....
#...............####........##
##..........#..## ##....####


You could see an iguana and a leopard gecko.

Vanquished Creatures
  A hungry ghost (D:7)
  A water moccasin (D:5)
  2 ice beasts
  3 orc warriors
  A phantom (D:6)
  2 ogres (D:6)
  2 centaurs
  5 bullfrogs
  A water moccasin zombie (D:5)
  A howler monkey (D:3)
  A crimson imp (D:6)
  2 hounds
  2 bullfrog skeletons
  2 orc priests (D:7)
  Crazy Yiuf (D:3)
  A jelly (D:8)
  An iguana (D:4)
  2 orc wizards
  4 worker ants
  Terence (D:3)
  2 hound skeletons
  A howler monkey zombie (D:7)
  A worker ant zombie (D:7)
  3 gnolls (D:2)
  4 adders
  5 oozes
  2 worms
  2 dart slugs (D:3)
  4 leopard geckos
  19 orcs
  3 ball pythons
  5 giant cockroaches
  7 goblins
  2 hobgoblins
  6 jackals
  6 quokkas
  7 bats
  4 frilled lizards
  6 kobolds
  4 rats
129 creatures vanquished.

Notes
Turn   | Place    | Note
-------+----------+-------------------------------------------
     0 | D:1      | Frank2 the Demonspawn Gladiator began the quest for the
                  | Orb.
     0 | D:1      | Reached XP level 1. HP: 16/16 MP: 1/1
     0 | D:1      | Noticed an iron dragon
     0 | D:1      | Noticed an iron dragon
     1 | D:1      | Noticed a tentacled monstrosity
     3 | D:1      | Noticed an ice dragon
     5 | D:1      | Noticed a shadow dragon
     6 | D:1      | Noticed a large abomination
     7 | D:1      | Noticed a black draconian
    10 | D:1      | Noticed an orb of fire
    10 | D:1      | Noticed an iron dragon
    13 | D:1      | Noticed an iron dragon
    14 | D:1      | Noticed a tentacled monstrosity
    16 | D:1      | Noticed an orb of fire
    18 | D:1      | Noticed a tentacled monstrosity
    20 | D:1      | Noticed a shadow dragon
   252 | D:1      | Reached skill level 3 in Maces & Flails
   252 | D:1      | Gained mutation: You have a pair of small horns on your
                  | head. [demonic ancestry]
   252 | D:1      | Reached XP level 2. HP: 16/22 MP: 2/2
   832 | D:2      | Reached XP level 3. HP: 22/27 MP: 3/3
   870 | D:2      | Found a sacrificial altar of Ru.
   882 | D:2      | Became a worshipper of Ru the Awakened
  1504 | D:2      | You fall into a shaft and drop 1 floor!
  1509 | D:3      | Gained mutation: You regenerate a little health from kills.
                  | [demonic ancestry]
  1509 | D:3      | Reached XP level 4. HP: 33/33 MP: 4/4
  1750 | D:3      | Found an ornate altar of the Wu Jian Council.
  1750 | D:3      | Found a shadowy altar of Dithmenos.
  1762 | D:3      | Found a hide-covered altar of Uskayaw.
  1765 | D:3      | Found a faded altar of an unknown god.
  1767 | D:3      | Found a faded altar of an unknown god.
  1814 | D:3      | Noticed Terence
  1841 | D:3      | Killed Terence
  1841 | D:3      | Reached skill level 4 in Maces & Flails
  1841 | D:3      | Reached skill level 1 in Armour
  2115 | D:3      | Gained mutation: You have sharp fingernails. [demonic
                  | ancestry]
  2115 | D:3      | Reached XP level 5. HP: 25/39 MP: 5/5
  2395 | D:3      | You fall into a shaft and drop 3 floors!
  2415 | D:6      | Gained mutation: You have large cloven feet. [demonic
                  | ancestry]
  2415 | D:6      | Reached XP level 6. HP: 17/46 MP: 6/6
  2604 | D:6      | Found Lierab's Book Emporium.
  2640 | D:6      | Reached skill level 5 in Maces & Flails
  2664 | D:6      | Found a staircase to the Ecumenical Temple.
  2671 | D:5      | Entered Level 5 of the Dungeon
  2671 | D:5      | Noticed a water moccasin
  2691 | D:5      | Killed a water moccasin
  2694 | D:5      | Gained mutation: You have a pair of horns on your head.
                  | [demonic ancestry]
  2694 | D:5      | Reached XP level 7. HP: 21/52 MP: 7/7
  2928 | D:4      | Found a shimmering altar of Xom.
  2930 | D:4      | Found a shimmering altar of Xom.
  2930 | D:4      | Found a shimmering altar of Xom.
  2930 | D:4      | Found a shimmering altar of Xom.
  2933 | D:4      | Found a shimmering altar of Xom.
  2937 | D:4      | Found a shimmering altar of Xom.
  2937 | D:4      | Found a shimmering altar of Xom.
  3334 | D:3      | Found a runed translucent door.
  3335 | D:3      | Noticed Crazy Yiuf
  3341 | D:3      | Killed Crazy Yiuf
  4031 | D:5      | Found Saighu's Gadget Emporium.
  4108 | D:5      | Reached skill level 6 in Maces & Flails
  4369 | D:6      | Reached XP level 8. HP: 29/60 MP: 8/8
  4701 | D:6      | Reached skill level 7 in Maces & Flails
  4957 | D:6      | Found a shattered altar of Ashenzari.
  4998 | D:6      | Found a radiant altar of Vehumet.
  5181 | D:6      | Found an opulent altar of Gozag.
  5486 | D:7      | Reached skill level 8 in Maces & Flails
  5882 | D:7      | Found a burning altar of Makhleb.
  6193 | D:7      | Reached skill level 5 in Fighting
  6193 | D:7      | Gained mutation: You have very sharp fingernails. [demonic
                  | ancestry]
  6193 | D:7      | Reached XP level 9. HP: 68/68 MP: 9/9
  6395 | D:7      | Slain by an iguana

Levels and vault maps discovered:
D:1:      shiori_arrival_whats_in_store_for_you, layout_basic,
          minmay_shallow_snake_nest
D:2:      layout_basic, serial_curves, eino_curves_03, eino_curves_01,
          nicolae_ru_sacrificial_ziggurat
D:3:      layout_basic, chequers_temple_overflow_minitemple,
          uniq_crazy_yiuf_cottage, uniq_terence
D:4:      layout_basic, nicolae_xom_altar_mimics
D:5:      layout_rooms, serial_shops, shop, first_ration
D:6:      layout_loops_cross, kennysheep_little_box,
          lemuel_coloured_pillars_altar, vehumet_crystals,
          minmay_temple_entry_offerings, serial_shops, nicolae_shop_trees
D:7:      layout_cave_pods, lightli_temple_of_fire
D:8:      layout_rooms

Skill      XL: |  1  2  3  4  5  6  7  8 |
---------------+-------------------------+-----
Maces & Flails | 3 4 5 6 8 |  8.5
Dodging        | 3 4 |  4.6
Armour         | 1 2 3 4 |  4.8
Fighting       | 3 5 |  5.2
Throwing       | |  1.7

Action                   |  1- 3 |  4- 6 |  7- 9 || total
-------------------------+-------+-------+-------++-------
Melee: Flail             |    77 |   106 |   253 ||   436
       Headbutt          |     8 |    24 |    47 ||    79
       Kick              |       |     9 |    71 ||    80
Throw: Throwing net      |       |     3 |     2 ||     5
Invok: Reject Sacrifices |       |     1 |       ||     1
  Use: Potion            |       |     3 |     4 ||     7
       Scroll            |       |       |    15 ||    15
 Stab: Held in net/web   |       |     1 |     1 ||     2
  Eat: Ration            |       |     1 |     1 ||     2
       Chunk             |       |     2 |    10 ||    12
Armor: Leather armour    |     6 |       |       ||     6
       Ring mail         |    14 |    39 |    75 ||   128
Dodge: Dodged            |    50 |    85 |   122 ||   257
Block: Other             |       |       |    33 ||    33
       Reflection        |       |       |     3 ||     3
